 Dungeon Crawl Stone Soup version 0.28-a0-535-g6f645e4c1d (webtiles) character file.

Game seed: 16585580300924735790

446982 frimble the Severer (level 23, -9/240 HPs)
             Began as a Gnoll Warper on Sept 27, 2021.
             Was a High Priest of Cheibriados.
             Mangled by a juggernaut simulacrum (48 damage)
             ... on level 3 of the Depths.
             The game lasted 01:34:16 (50645 turns).

frimble the Severer (Gnoll Warper)                 Turns: 50645, Time: 01:34:16

Health: -9/240     AC: 37    Str: 25    XL:     23   Next: 89%
Magic:  43/43      EV: 33    Int: 35    God:    Cheibriados [*****.]
Gold:   3768       SH: 18    Dex: 27    Spells: 18/55 levels left

rFire   . . .      SeeInvis .   a - +7 Singing Sword {vorpal, sonic wave}
rCold   . . .      Faith    .   x - +2 kite shield {reflect}
rNeg    + . .      Spirit   .   (armour currently unavailable)
rPois   ∞          Reflect  +   H - +2 hat
rElec   +          Harm     .   S - +2 cloak
rCorr   .          Rampage  .   (gloves currently unavailable)
Will    ++...                   (boots currently unavailable)
Stlth   +++++++...              P - amulet of regeneration
HPRegen 1.50/turn               o - ring of willpower
MPRegen 0.28/turn               t - +4 ring of evasion

@: statue-form, studying 2 skills, very slow
A: slow and powerful, torment resistance 1, boosted hp, fangs 1, strong nose,
distributed training
}: 3/15 runes: barnacled, abyssal, gossamer
a: End Transformation, Renounce Religion, Bend Time, Temporal Distortion,
Slouch, Step From Time


You were on level 3 of the Depths.
You worshipped Cheibriados.
Cheibriados was extremely pleased with you.
You were a living statue of rough stone.
You visited 8 branches of the dungeon, and saw 41 of its levels.
You visited the Abyss 3 times.
You also visited: Sewer.

You collected 7112 gold pieces.
You spent 3344 gold pieces at shops.

Inventory:

Hand Weapons
 a - the +7 Singing Sword (weapon) {vorpal, sonic wave}
   (You took it off a deep elf annihilator on level 3 of the Elven Halls)

   It inflicts extra damage upon your enemies.
   It radiates damaging sonic waves as it strikes, especially in combat
   involving dangerous or numerous foes.
 v - a +10 quick blade
Missiles
 d - 6 boomerangs of dispersal
 n - 10 throwing nets
 Y - 2 silver javelins (quivered)
Armour
 f - a scarf of resistance
 l - a +2 pair of boots (melded)
 x - a +2 kite shield of reflection (worn)
 H - a +2 hat (worn)
 O - a +4 troll leather armour (melded)
 S - a +2 cloak (worn)
 T - a +2 pair of gloves (melded)
 X - a +2 kite shield of fire resistance
Jewellery
 o - a ring of willpower (left fist)
 t - a +4 ring of evasion (right fist)
 w - a ring of see invisible
 y - the ring "Doakue Oforch" {rC+ rN+ Stlth+}
   (You took it off a deep elf death mage on level 3 of the Elven Halls)

   [ring of protection from cold]

   rC:        It protects you from cold.
   rN:        It protects you from negative energy.
   Stlth:     It makes you more stealthy.
 P - an amulet of regeneration (around neck)
Wands
 e - a wand of paralysis (7)
 D - a wand of acid (44)
 J - a wand of charming (10)
 M - a wand of iceblast (76)
 W - a wand of digging (9)
Scrolls
 c - 7 scrolls of blinking
 i - 3 scrolls of magic mapping
 j - 2 scrolls of enchant armour
 k - 3 scrolls of torment
 m - 2 scrolls of holy word
 p - 5 scrolls of amnesia
 r - 2 scrolls of immolation
 C - 20 scrolls of identify
 E - 20 scrolls of teleportation
 I - 9 scrolls of enchant weapon
 N - 4 scrolls of fear
 V - 6 scrolls of fog
Potions
 b - a potion of heal wounds
 g - 5 potions of brilliance
 h - 16 potions of curing
 q - 6 potions of magic
 s - 3 potions of invisibility
 u - 10 potions of lignification
 z - 5 potions of might
 A - 7 potions of ambrosia
 B - 2 potions of attraction
 F - a potion of berserk rage
 K - 3 potions of cancellation
 L - 5 potions of mutation
 U - 4 potions of resistance
Miscellaneous
 G - a box of beasts
 R - a phantom mirror (inert)
 Z - a tin of tremorstones (1/2)


   Skills:
 + Level 16.5 Fighting
 + Level 15.9 Short Blades
 + Level 16.5 Long Blades
 + Level 17.5 Axes
 + Level 15.9 Maces & Flails
 + Level 15.9 Polearms
 + Level 15.9 Staves
 + Level 15.9 Slings
 + Level 15.9 Bows
 + Level 15.9 Crossbows
 + Level 16.1 Throwing
 + Level 16.1 Armour
 + Level 16.5 Dodging
 + Level 15.9 Stealth
 + Level 15.9 Shields
 + Level 15.9 Unarmed Combat
 + Level 16.6 Spellcasting
 + Level 13.5 Conjurations
 + Level 13.5 Hexes
 + Level 13.5 Summonings
 + Level 13.5 Necromancy
 + Level 14.5 Translocations
 + Level 13.5 Transmutations
 + Level 13.5 Fire Magic
 + Level 13.5 Ice Magic
 + Level 13.5 Air Magic
 + Level 16.9 Earth Magic
 + Level 13.5 Poison Magic
 + Level 17.2 Invocations
 + Level 15.9 Evocations


You had 18 spell levels left.
You knew the following spells:

 Your Spells              Type           Power      Damage    Failure   Level
a - Blink                 Tloc           N/A        N/A       0%          2
b - Freezing Cloud        Conj/Ice/Air   44%        6-21      1%          5
c - Statue Form           Tmut/Erth      62%        N/A       1%          6
d - Passage of Golubria   Tloc           N/A        N/A       1%          4
e - Ignite Poison         Fire/Tmut/Pois 89%        N/A       0%          3
f - Ignition              Fire           44%        3d13      32%         8
g - Shatter               Erth           49%        3d38*     77%         9

Your spell library contained the following spells:

 Spells                   Type           Power      Damage    Failure   Level
 Foxfire                  Conj/Fire      100%       2x1d9     0%          1
 Magic Dart               Conj           100%       1d8       0%          1
 Sting                    Tmut/Pois      100%       1d8       0%          1
 Summon Small Mammal      Summ           100%       N/A       0%          1
 Call Imp                 Summ           89%        N/A       0%          2
 Ensorcelled Hibernation  Hex/Ice        100%       N/A       0%          2
 Static Discharge         Conj/Air       89%        N/A       0%          2
 Call Canine Familiar     Summ           89%        N/A       0%          3
 Conjure Flame            Conj/Fire      89%        6-21      0%          3
 Gell's Gravitas          Tloc           46%        N/A       0%          3
 Inner Flame              Hex/Fire       89%        N/A       0%          3
 Lesser Beckoning         Tloc           92%        N/A       0%          3
 Mephitic Cloud           Conj/Pois/Air  89%        N/A       0%          3
 Ozocubu's Armour         Ice            89%        N/A       0%          3
 Portal Projectile        Hex/Tloc       100%       N/A       0%          3
 Spider Form              Tmut/Pois      44%        N/A       0%          3
 Stone Arrow              Conj/Erth      100%       3d13      0%          3
 Teleport Other           Tloc           92%        N/A       0%          3
 Tukima's Dance           Hex            89%        N/A       0%          3
 Animate Armour           Summ/Erth      100%       N/A       1%          4
 Cause Fear               Hex            44%        N/A       1%          4
 Flame Wave               Conj/Fire      89%        3d15      1%          4
 Hailstorm                Conj/Ice       89%        3d18      1%          4
 Leda's Liquefaction      Hex/Erth       47%        N/A       1%          4
 Olgreb's Toxic Radiance  Pois           89%        N/A       1%          4
 Petrify                  Tmut/Erth      94%        N/A       1%          4
 Summon Ice Beast         Ice/Summ       89%        N/A       1%          4
 Blade Hands              Tmut           44%        N/A       1%          5
 Excruciating Wounds      Necr           44%        N/A       1%          5
 Fireball                 Conj/Fire      44%        3d18      1%          5
 Irradiate                Conj/Tmut      44%        3d28      1%          5
 Lee's Rapid Deconstruct  Erth           49%        3d24*     1%          5
 Lightning Bolt           Conj/Air       44%        1d64      1%          5
 Manifold Assault         Tloc           92%        N/A       1%          5
 Metabolic Englaciation   Hex/Ice        44%        N/A       1%          5
 Summon Forest            Summ/Tloc      45%        N/A       1%          5
 Yara's Violent Unravell  Hex/Tmut       44%        3d17      1%          5
 Conjure Ball Lightning   Conj/Air       44%        3x3d15    1%          6
 Eringya's Noxious Bog    Tmut/Pois      44%        N/A       1%          6
 Iron Shot                Conj/Erth      47%        9d9       1%          6
 Simulacrum               Ice/Necr       44%        N/A       1%          6
 Dragon Form              Tmut           44%        N/A       4%          7
 Haunt                    Necr/Summ      44%        N/A       4%          7
 Orb of Destruction       Conj           44%        9d14      4%          7
 Ozocubu's Refrigeration  Ice            44%        4d13      4%          7
 Spellforged Servitor     Conj/Summ      44%        N/A       4%          7
 Summon Hydra             Summ           44%        N/A       4%          7
 Disjunction              Tloc           46%        N/A       22%         8
 Discord                  Hex            44%        N/A       32%         8
 Maxwell's Capacitive Co  Air            44%        ∞         32%         8
 Chain Lightning          Conj/Air       44%        3d59      99%         9
 Fire Storm               Conj/Fire      44%        8d11      99%         9
 Polar Vortex             Ice            44%        N/A       99%         9


Dungeon Overview and Level Annotations

Branches:
Dungeon (15/15)            Temple (0/1) D:5            Lair (6/6) D:10
 Shoals (4/4) Lair:2       Spider (4/4) Lair:4        Slime (0/5) Lair:5
    Orc (2/2) D:10            Elf (3/3) Orc:2        Vaults (4/5) D:13
  Crypt (0/3) Vaults:3     Depths (3/4) D:15          Sewer (visited)

Altars:
Ashenzari
Cheibriados
Dithmenos
Fedhas
Hepliaklqana
Qazlal
Trog
Uskayaw
Vehumet
Wu Jian
Xom
Yredelemnul
Zin
The Shining One
Beogh
Jiyva

Shops:
D:11 ?*((   D:13 (   Orc:1 [   Orc:2 *([[[:(:!   Elf:1 =:=!   Elf:2 :   Elf:3 (
Shoals:4 *   Vaults:2 [   Depths:1 (

Portals:
Hell: Depths:1 Depths:2 Depths:3
Abyss: Spider:2 Depths:3
Pandemonium: Depths:2

Annotations:
D:4 Ijyb, Sigmund
D:5 4 runed translucent doors, Crazy Yiuf; meepyknight's ghost, novice GrFi
D:12 exclusion: statue
Lair:5 1 runed translucent door
Elf:2 5 runed translucent doors
Depths:3 1 runed translucent door, Ihibuagea's ghost, journeyman DrCj


Innate Abilities, Weirdness & Mutations

You are a living statue of rough stone.
Your actions are slow, but your melee attacks are powerful.
You are resistant to unholy torment.
Your maximum health is greatly increased.
You are immune to poison.
Your equipment is partially melded.
You have very sharp teeth.
Your uncanny sense of smell can sniff out nearby items.
Your experience applies equally to all skills.


Message History

The bolt of acid misses you.
You block the deep elf death mage's attack.
The ancient lich points at you and mumbles some strange words.
You resist with some effort. You block the golden dragon's attack.
The golden dragon completely misses you.
The golden dragon tramples you but does no damage.
The tengu reaver gestures at you while chanting.
The bolt of acid misses you.
You slash the ancient lich!
The ancient lich is almost destroyed.
Ihibuagea's ghost whispers, "There is no future for you."
The deep elf death mage completely misses you.
The ancient lich casts a spell at you. You resist with some effort.
The golden dragon bites you!
The golden dragon claws you but does no damage.
The golden dragon tramples you but does no damage.
You block the tengu reaver's attack.
The tengu reaver pecks you but does no damage.
The tengu reaver claws you but does no damage.
You slice the ancient lich!!
The Singing Sword yells like a raging carnivore.
You send a blast of sound all around you.
The monsters around you are blasted!
The titan is heavily wounded.
You kill the tengu reaver!
Cheibriados thoroughly appreciates the change of pace.
Ihibuagea's ghost is severely damaged.
The deep elf death mage is lightly wounded.
The juggernaut simulacrum is heavily damaged.
The golden dragon is severely wounded.
You destroy the ancient lich!
Cheibriados thoroughly appreciates the change of pace.
You block the deep elf death mage's attack.
The golden dragon breathes cold at you. The bolt of cold misses you.
The titan mumbles some strange words.
The titan is healed somewhat.
The juggernaut simulacrum hits you!!!
* * * LOW HITPOINT WARNING * * *
The juggernaut simulacrum freezes you!!!
You die...

#+##.#....##.#
#######
.......>(.##.#
#......
#.#.#....##.#
#......
#........####
#.#####
#.......##C§# #.#
#.......'.♣ # ###
#....)C.#.LZ...8
+....)ZW#####...
∆
#.....D8....##.8
#.....e...⌠..#..
..#
.............##.8
...
.........#####...
### .........#
♣....8 .#+###..+
.♣.. # #### .∆.
## # #. #.


You could see a titan, a golden dragon (catching breath), a deep elf death mage,
Ihibuagea's ghost and a juggernaut simulacrum.

Vanquished Creatures
  An ancient lich (Depths:3)
  Mara (Vaults:2)
  A juggernaut (Abyss:4)
  Boris (Vaults:2)
  Saint Roka (Elf:3)
  Arachne (Spider:2)
  2 shard shrike zombies (Abyss:4)
  A tentacled monstrosity (Depths:2)
  Jorgrun (Spider:2)
  A Hell Sentinel (Abyss:4)
  The ghost of xzight the Executioner, an adept MiBe of Trog (Shoals:2)
  Asterion (Vaults:3)
  A deep elf master archer (Elf:3)
  2 deep elf blademasters (Elf:3)
  A sphinx (Vaults:3)
  2 tentacled starspawn
  Frances (Spider:2)
  Gastronok (Lair:3)
  Agnes (D:15)
  3 tengu reavers
  4 shadow dragons
  Ilsuiw (Shoals:2)
  Donald (Spider:1)
  2 fire giants
  11 deep elf sorcerers
  6 ghost moths
  An orc warlord (Vaults:2)
  13 vault wardens
  Louise (Depths:3)
  5 frost giants
  7 emperor scorpions
  A cacodemon (Depths:1)
  The ghost of yellowboar the Severer, a journeyman HOMo of Beogh (Orc:2)
  An angel (Abyss:4)
  The ghost of Efeguoh the Unseen, an adept SpEn of Kikubaaqudgha (Spider:2)
  7 very ugly things
  2 ophanim (Abyss:4)
  11 stone giants
  16 ironbound preservers
  8 vampire knights (Depths:3)
  Azrael (Elf:2)
  4 deep elf demonologists (Elf:3)
  12 deep elf annihilators
  2 entropy weavers
  6 dire elephants
  A spark wasp (Depths:2)
  6 ettins
  A crystal guardian (Vaults:4)
  8 deep elf death magi
  3 deep elf high priests (Elf:3)
  2 fire dragons
  7 merfolk javelineers (Shoals:4)
  14 yaktaur captains
  A fire dragon (shapeshifter) (Elf:3)
  10 merfolk impalers
  Josephine (D:15)
  8 great orbs of eyes
  9 ironbound thunderhulks
  5 rakshasas
  12 vault guards
  5 boulder beetles
  2 peacekeepers
  Harold (D:7)
  2 spriggan air magi (Depths:2)
  Erolcha (D:9)
  12 centaur warriors
  14 hydras
  10 ogre magi
  15 ironbound frosthearts
  3 merfolk aquamancers
  4 ice dragons
  2 alligator snapping turtles
  A merfolk avatar (Shoals:4)
  19 dancing weapons
  2 tengu warriors
  A catoblepas (Lair:6)
  3 deep troll earth magi (Depths:2)
  26 two-headed ogres
  3 hell hogs (Depths:3)
  A satyr (shapeshifter) (Depths:3)
  A satyr (Shoals:3)
  2 orc high priests
  3 thrashing horrors (Abyss:4)
  A death yak (Lair:6)
  A spectral dire elephant (Lair:6)
  3 deep troll shamans (Depths:2)
  7 sun demons
  4 vampire magi
  16 hell knights (Depths:3)
  2 spriggan berserkers
  4 soul eaters
  Nergalle (Lair:3)
  5 deep elf knights
  2 iron trolls
  A spectral death yak (Lair:6)
  6 shadow wraiths (Depths:3)
  2 sixfirhies (Depths:1)
  A wretched star (Abyss:4)
  3 skeletal warriors (D:12)
  A spatial maelstrom (Abyss:4)
  2 cherubim (Abyss:4)
  A spectral anaconda (Lair:6)
  A flayed ghost (Depths:3)
  13 sea snakes
  3 shadow demons (Depths:3)
  3 glowing orange brains
  38 deep trolls
  16 lindwurms
  6 wizards
  2 obsidian statues
  12 deep elf archers
  The ghost of Foxy the Cleaver, a novice HOFi (D:8)
  4 orc knights
  3 phantasmal warriors
  9 harpies
  9 necromancers
  3 orc sorcerers
  16 deep elf zephyrmancers
  4 fauns (Shoals:3)
  16 deep elf pyromancers
  38 wolf spiders
  15 ironbound convokers
  A will-o-the-wisp (Abyss:4)
  12 orb spiders
  6 cyclopes
  30 ugly things
  15 manticores
  2 salamanders
  A guardian serpent (shapeshifter) (D:15)
  A black mamba (Lair:1)
  16 vault sentinels
  12 elephants
  2 rust devils (Depths:1)
  A moth of wrath (Spider:1)
  2 human skeletons (Vaults:3)
  A gargoyle (D:13)
  15 merfolk sirens
  A stone giant skeleton (Depths:1)
  2 torpor snails
  An apocalypse crab (Abyss:4)
  2 smoke demons (Depths:3)
  A dire elephant zombie (Lair:6)
  A worldbinder (Abyss:4)
  11 water nymphs
  A torpor snail (shapeshifter) (Vaults:2)
  An unseen horror (D:12)
  2 orange demons
  A rime drake (Lair:3)
  14 cane toads
  7 komodo dragons
  40 yaktaurs
  An efreet (Abyss:4)
  A rime drake (shapeshifter) (Depths:1)
  12 demonic crawlers
  An ice devil (Depths:1)
  3 hellwings
  A tormentor (Depths:1)
  A golden dragon simulacrum (Depths:1)
  A red devil (Depths:1)
  A jumping spider (shapeshifter) (D:14)
  6 large abominations
  3 meliai (D:14)
  2 polar bears
  8 hornets (Spider:4)
  42 jumping spiders
  An ancient zyme (Abyss:4)
  3 trolls
  27 merfolk
  4 raiju (Abyss:4)
  A sphinx simulacrum (Depths:1)
  7 wind drakes
  A meliai zombie (D:11)
  3 spectral elephants (Lair:6)
  24 slime creatures
  12 blink frogs
  A human simulacrum (Vaults:3)
  17 dream sheep (Lair:6)
  7 snapping turtles
  79 redbacks
  7 flying skulls (Abyss:4)
  3 vampires (Vaults:3)
  An ettin skeleton (Abyss:4)
  41 tarantellas
  A fire bat (Abyss:4)
  72 yaks
  4 wyverns
  A shadow (D:6)
  12 water elementals
  6 wraiths
  Eustachio (D:5)
  4 basilisks
  A death yak simulacrum (Lair:6)
  7 fire elementals
  A neqoxec (Depths:1)
  2 chaos spawn (Abyss:4)
  2 spectral cane toads (Lair:6)
  2 wargs
  5 vampire mosquitoes
  A spatial vortex (Abyss:4)
  A human zombie (Depths:1)
  2 acid dragons
  11 water moccasins
  4 hell hounds (Elf:2)
  A floating eye (shapeshifter) (Abyss:4)
  2 small abominations
  Duvessa (D:7)
  2 black bears
  2 elephant zombies (Lair:6)
  A sky beast (D:7)
  31 ogres
  31 orc warriors
  16 wolves
  8 starcursed masses
  5 boggarts (Vaults:2)
  15 centaurs
  A phantom (D:6)
  2 kobold brigands
  13 bullfrogs
  2 cane toad simulacra (Lair:6)
  2 earth elementals
  2 gnoll sergeants
  A scorpion (D:6)
  A naga simulacrum (Abyss:4)
  Dowan (D:7)
  12 killer bees
  2 elephant simulacra (Lair:6)
  An electric eel (Lair:3)
  5 centaur zombies
  A quasit (Abyss:4)
  3 hounds (D:6)
  4 jellies (D:8)
  A gnoll shaman (D:2)
  12 orc priests
  13 orc wizards
  7 hell rats (Lair:6)
  3 spectral orcs (Orc:2)
  A killer bee zombie (D:6)
  A hound skeleton (D:4)
  A howler monkey zombie (D:9)
  Robin (D:2)
  7 adders
  2 ogre simulacra (Orc:2)
  10 gnolls
  2 river rats (D:5)
  2 shadow imps
  An ufetubus (D:7)
  2 orc simulacra (Orc:2)
  2 adder skeletons (D:5)
  9 worms
  2 dart slugs
  63 orcs
  9 endoplasms
  12 giant cockroaches
  11 hobgoblins
  4 jackals (Sewer)
  3 quokkas
  10 ball pythons
  7 bats
  6 frilled lizards
  18 goblins
  14 kobolds
  6 rats
  A rat zombie (D:5)
  A butterfly (Lair:3)
  3 foxfires (Abyss:4)
1725 creatures vanquished.

Vanquished Creatures (collateral kills)
  A deep elf master archer (Elf:3)
  A merfolk javelineer (Shoals:4)
  A merfolk siren (Shoals:2)
  A merfolk (Shoals:4)
  A snapping turtle (Shoals:4)
  A wyvern (D:10)
  A black bear (D:10)
  A wyvern zombie (D:5)
  A hound (D:5)
  A killer bee zombie (D:5)
  A white imp (D:5)
11 creatures vanquished.

Vanquished Creatures (others)
  A lich (Abyss:4)
  An ogre mage (Abyss:4)
  2 wizards (Vaults:3)
  A deep elf zephyrmancer (Elf:1)
  A wolf spider (Spider:4)
  A large abomination (Abyss:4)
  2 small abominations (Abyss:4)
  A foxfire (Abyss:4)
  24 fungi
  A lurking horror (Spider:2)
  119 plants
  8 starspawn tentacles (Abyss:4)
  12 withered plants (Lair:6)
174 creatures vanquished.

Grand Total: 1910 creatures vanquished

Notes
Turn   | Place    | Note
-------+----------+-------------------------------------------
     0 | D:1      | frimble the Gnoll Warper began the quest for the Orb.
     0 | D:1      | Reached XP level 1. HP: 20/20 MP: 6/6
   108 | D:1      | Reached XP level 2. HP: 15/26 MP: 7/7
   312 | D:1      | Found a faded altar of an unknown god.
   623 | D:1      | Reached XP level 3. HP: 30/31 MP: 9/9
   674 | D:1      | Learned a level 2 spell: Blink
   694 | D:1      | Reached skill level 5 in Spellcasting
  1209 | D:2      | Reached skill level 1 in Invocations
  1674 | D:2      | Noticed Robin
  1698 | D:2      | Reached skill level 1 in Short Blades
  1698 | D:2      | Reached skill level 1 in Axes
  1698 | D:2      | Reached skill level 1 in Maces & Flails
  1698 | D:2      | Reached skill level 1 in Polearms
  1698 | D:2      | Reached skill level 1 in Staves
  1698 | D:2      | Reached skill level 1 in Slings
  1698 | D:2      | Reached skill level 1 in Bows
  1698 | D:2      | Reached skill level 1 in Crossbows
  1698 | D:2      | Reached skill level 1 in Stealth
  1698 | D:2      | Reached skill level 1 in Shields
  1698 | D:2      | Reached skill level 1 in Unarmed Combat
  1698 | D:2      | Reached skill level 1 in Evocations
  1709 | D:2      | HP: 1/31 [ball python (2)]
  1718 | D:2      | HP: 1/31 [goblin[Robin] (1)]
  1725 | D:2      | Reached XP level 4. HP: 2/38 MP: 9/11
  2059 | D:2      | Killed Robin
  2703 | D:2      | Reached skill level 1 in Conjurations
  2703 | D:2      | Reached skill level 1 in Hexes
  2703 | D:2      | Reached skill level 1 in Summonings
  2703 | D:2      | Reached skill level 1 in Necromancy
  2703 | D:2      | Reached skill level 1 in Transmutations
  2703 | D:2      | Reached skill level 1 in Fire Magic
  2703 | D:2      | Reached skill level 1 in Ice Magic
  2703 | D:2      | Reached skill level 1 in Air Magic
  2703 | D:2      | Reached skill level 1 in Earth Magic
  2703 | D:2      | Reached skill level 1 in Poison Magic
  3215 | D:3      | Reached XP level 5. HP: 14/43 MP: 12/12
  3219 | D:3      | Identified a scroll of acquirement
  3221 | D:3      | Acquired 1005 gold pieces
  4597 | D:4      | Reached XP level 6. HP: 49/50 MP: 13/13
  4604 | D:4      | Found a glowing silver altar of Zin.
  4613 | D:4      | Noticed an angel
  4618 | D:4      | Found a shimmering altar of Xom.
  4647 | D:4      | Noticed Sigmund
  4903 | D:4      | Noticed a moth of wrath
  4906 | D:4      | Found a bloodstained altar of Trog.
  5139 | D:4      | Noticed Ijyb
  5142 | D:5      | Entered Level 5 of the Dungeon
  5148 | D:5      | Found a glowing drain.
  5162 | Sewer    | Entered a sewer
  5410 | Sewer    | Reached skill level 5 in Fighting
  5410 | Sewer    | Reached skill level 5 in Long Blades
  5410 | Sewer    | Reached skill level 5 in Dodging
  5765 | D:5      | Found an ornate altar of the Wu Jian Council.
  5765 | D:5      | Found a blossoming altar of Fedhas.
  5770 | D:5      | Found a staircase to the Ecumenical Temple.
  6008 | D:5      | Reached XP level 7. HP: 42/56 MP: 15/15
  6134 | D:5      | Found a runed translucent gate.
  6134 | D:5      | Found a runed translucent gate.
  6135 | D:5      | Found a runed translucent gate.
  6139 | D:5      | Noticed a vampire mosquito
  6139 | D:5      | Noticed meepyknight's ghost (novice GrFi)
  6943 | D:5      | Noticed Eustachio
  6969 | D:5      | Killed Eustachio
  7101 | D:5      | You fall into a shaft and drop 2 floors!
  7126 | D:7      | Noticed Duvessa
  7126 | D:7      | Noticed Dowan
  7175 | D:7      | Killed Duvessa
  7176 | D:7      | Reached XP level 8. HP: 49/63 MP: 14/16
  7207 | D:7      | Killed Dowan
  7536 | D:7      | Noticed Harold
  8331 | D:5      | Found a runed translucent door.
  8332 | D:5      | Noticed Crazy Yiuf
  8678 | D:6      | Noticed a shadow
  9245 | D:6      | Killed a shadow
  9540 | D:6      | Reached XP level 9. HP: 69/69 MP: 18/18
  9728 | D:6      | Found a hide-covered altar of Uskayaw.
  9731 | D:6      | Found a snail-covered altar of Cheibriados.
  9734 | D:6      | Found a broken altar of Ashenzari.
 10025 | D:6      | Became a worshipper of Cheibriados the Contemplative
 10534 | D:7      | Killed Harold
 10535 | D:7      | Reached skill level 5 in Throwing
 10535 | D:7      | Reached skill level 5 in Armour
 10762 | D:8      | Noticed a two-headed ogre
 10781 | D:8      | Killed a two-headed ogre
 10782 | D:8      | Reached skill level 5 in Invocations
 10782 | D:8      | Reached XP level 10. HP: 77/77 MP: 11/20
 10873 | D:8      | Found a runed translucent gate.
 10873 | D:8      | Found a runed translucent gate.
 10873 | D:8      | Found a runed translucent gate.
 10877 | D:8      | Noticed Foxy's ghost (novice HOFi)
 10880 | D:8      | Found a viscous altar of Jiyva.
 11170 | D:7      | Reached skill level 5 in Short Blades
 11170 | D:7      | Reached skill level 5 in Axes
 11170 | D:7      | Reached skill level 5 in Maces & Flails
 11170 | D:7      | Reached skill level 5 in Polearms
 11170 | D:7      | Reached skill level 5 in Staves
 11170 | D:7      | Reached skill level 5 in Slings
 11170 | D:7      | Reached skill level 5 in Bows
 11170 | D:7      | Reached skill level 5 in Crossbows
 11170 | D:7      | Reached skill level 5 in Stealth
 11170 | D:7      | Reached skill level 5 in Shields
 11170 | D:7      | Reached skill level 5 in Unarmed Combat
 11170 | D:7      | Reached skill level 5 in Evocations
 11178 | D:8      | Reached * piety under Cheibriados
 12591 | D:9      | Noticed Erolcha
 12597 | D:9      | Killed Erolcha
 12810 | D:9      | Reached ** piety under Cheibriados
 13332 | D:10     | Entered Level 10 of the Dungeon
 13367 | D:10     | Reached XP level 11. HP: 42/84 MP: 22/22
 13842 | D:10     | Found a glowing golden altar of the Shining One.
 13921 | D:10     | Reached skill level 5 in Conjurations
 13921 | D:10     | Reached skill level 5 in Hexes
 13921 | D:10     | Reached skill level 5 in Summonings
 13921 | D:10     | Reached skill level 5 in Necromancy
 13921 | D:10     | Reached skill level 5 in Transmutations
 13921 | D:10     | Reached skill level 5 in Fire Magic
 13921 | D:10     | Reached skill level 5 in Ice Magic
 13921 | D:10     | Reached skill level 5 in Air Magic
 13921 | D:10     | Reached skill level 5 in Earth Magic
 13921 | D:10     | Reached skill level 5 in Poison Magic
 14032 | D:10     | Found a staircase to the Lair.
 14350 | D:10     | Found a staircase to the Orcish Mines.
 14388 | D:10     | Noticed a two-headed ogre
 14401 | D:10     | Killed a two-headed ogre
 14793 | D:10     | Found a basalt altar of Yredelemnul.
 14844 | D:10     | Identified the +4 falchion of Doubt {chaos, rElec Int+3
                  | Dex-3 Stlth+}
 14906 | D:11     | Found Innuilofu's Magic Scroll Emporium.
 14906 | D:11     | Noticed a manticore
 14914 | D:11     | Killed a manticore
 15006 | D:11     | Found Disyojoha's Weapon Shoppe.
 15013 | D:11     | Bought a scroll of teleportation for 33 gold pieces
 15013 | D:11     | Bought a scroll of enchant armour for 82 gold pieces
 15087 | D:11     | Reached *** piety under Cheibriados
 15250 | D:11     | Found Tukhlatta's Weapon Emporium.
 15329 | D:11     | Found a blossoming altar of Fedhas.
 15466 | D:11     | Found Kuaquas's Assorted Antiques.
 15469 | D:11     | Bought the +7 pair of quick blades "Gyre" and "Gimble"
                  | {protect} for 1560 gold pieces
 15469 | D:11     | Found the +7 pair of quick blades "Gyre" and "Gimble"
                  | {protect}
 15469 | D:11     | Bought a scroll labelled UTAPLICVUZ for 26 gold pieces
 15469 | D:11     | Bought a fuming emerald potion for 23 gold pieces
 15469 | D:11     | Bought a scroll labelled HATASH FUAGH for 26 gold pieces
 15469 | D:11     | Bought a scroll labelled HATASH FUAGH for 26 gold pieces
 15547 | D:12     | Noticed a centaur warrior
 15565 | D:12     | Killed a centaur warrior
 15826 | D:12     | Noticed a two-headed ogre
 15839 | D:12     | Killed a two-headed ogre
 15899 | D:12     | Noticed a two-headed ogre
 15929 | D:12     | Killed a two-headed ogre
 15930 | D:12     | Reached XP level 12. HP: 60/94 MP: 24/24
 16585 | D:12     | Found a radiant altar of Vehumet.
 17041 | D:13     | Noticed a six-headed hydra
 17041 | D:13     | Noticed a centaur warrior
 17142 | Lair:1   | Entered Level 1 of the Lair of Beasts
 17295 | Lair:1   | Noticed an eight-headed hydra
 17302 | Lair:1   | Killed an eight-headed hydra
 18354 | Lair:2   | Reached **** piety under Cheibriados
 18475 | Lair:2   | Found a staircase to the Shoals.
 18762 | Lair:2   | Noticed a six-headed hydra
 18772 | Lair:2   | Killed a six-headed hydra
 19091 | Lair:2   | Noticed a five-headed hydra
 19100 | Lair:2   | Killed a five-headed hydra
 19101 | Lair:2   | Reached XP level 13. HP: 85/101 MP: 26/26
 19176 | Lair:2   | Found a shadowy altar of Dithmenos.
 19437 | Lair:3   | You are sucked into a shaft and drop 2 floors!
 19497 | Lair:5   | Reached XP level 14. HP: 109/109 MP: 27/27
 19591 | Lair:5   | Reached ***** piety under Cheibriados
 19614 | Lair:5   | Reached skill level 10 in Spellcasting
 19756 | Lair:3   | Noticed Gastronok
 19772 | Lair:3   | Killed Gastronok
 20278 | Lair:3   | Noticed Nergalle
 20285 | Lair:3   | Killed Nergalle
 20286 | Lair:3   | Reached skill level 10 in Fighting
 20286 | Lair:3   | Reached skill level 10 in Long Blades
 20286 | Lair:3   | Reached skill level 10 in Dodging
 21090 | Lair:4   | Found a hole to the Spider Nest.
 21299 | Lair:5   | Found a runed translucent door.
 21299 | Lair:5   | Found a viscous altar of Jiyva.
 21300 | Lair:5   | Found a staircase to the Slime Pits.
 21300 | Lair:5   | Noticed an acid blob
 21300 | Lair:5   | Noticed an acid blob
 21569 | Lair:5   | Reached skill level 10 in Invocations
 22133 | Lair:6   | Entered Level 6 of the Lair of Beasts
 22247 | Lair:6   | Reached ****** piety under Cheibriados
 22313 | Lair:6   | Reached XP level 15. HP: 116/117 MP: 18/29
 22853 | Lair:6   | Reached skill level 10 in Throwing
 22853 | Lair:6   | Reached skill level 10 in Armour
 23064 | Lair:6   | Identified the ring "Geaffy" {rF+ rN+ Will- Int+7}
 23309 | Lair:6   | Reached skill level 10 in Translocations
 23605 | D:8      | Killed Foxy's ghost
 23726 | D:8      | Identified the +4 chain mail "Mierhoa" {Contam rElec rC+
                  | rN+++}
 23788 | Orc:1    | Entered Level 1 of the Orcish Mines
 23952 | Orc:1    | Found Calesos's Armour Shoppe.
 23965 | Orc:1    | Reached skill level 10 in Short Blades
 23965 | Orc:1    | Reached skill level 10 in Axes
 23965 | Orc:1    | Reached skill level 10 in Maces & Flails
 23965 | Orc:1    | Reached skill level 10 in Polearms
 23965 | Orc:1    | Reached skill level 10 in Staves
 23965 | Orc:1    | Reached skill level 10 in Slings
 23965 | Orc:1    | Reached skill level 10 in Bows
 23965 | Orc:1    | Reached skill level 10 in Crossbows
 23965 | Orc:1    | Reached skill level 10 in Stealth
 23965 | Orc:1    | Reached skill level 10 in Shields
 23965 | Orc:1    | Reached skill level 10 in Unarmed Combat
 23965 | Orc:1    | Reached skill level 10 in Evocations
 24282 | Orc:2    | Entered Level 2 of the Orcish Mines
 24353 | Orc:2    | Found Sappatea's Armour Shop.
 24363 | Orc:2    | Found Netei's Antique Armour Shoppe.
 24429 | Orc:2    | Found a runed translucent gate.
 24430 | Orc:2    | Found a runed translucent gate.
 24430 | Orc:2    | Found a runed translucent gate.
 24432 | Orc:2    | Noticed yellowboar's ghost (journeyman HOMo)
 24439 | Orc:2    | Found Yfuufel's Antique Weapon Shoppe.
 24563 | Orc:2    | Paralysed by an ogre mage for 6 turns
 24605 | Orc:2    | Found Vant's Book Boutique.
 24605 | Orc:2    | Found Webboifa's Book Emporium.
 24605 | Orc:2    | Found Ybrym's Armour Shoppe.
 24605 | Orc:2    | Found Xiviph's Weapon Boutique.
 24630 | Orc:2    | Bought a manual of Earth Magic for 800 gold pieces
 24640 | Orc:2    | Reached XP level 16. HP: 125/125 MP: 31/31
 24741 | Orc:2    | Found a staircase to the Elven Halls.
 24755 | Orc:2    | Found Jum Apeu's Distillery.
 24808 | Orc:2    | Found Simyler's Assorted Antiques.
 25244 | Orc:2    | Killed yellowboar's ghost
 25406 | Spider:1 | Entered Level 1 of the Spider Nest
 26287 | Spider:1 | Noticed Donald
 26324 | Spider:1 | Killed Donald
 27038 | Spider:2 | Found a transporter.
 27058 | Spider:2 | Noticed Efeguoh's ghost (adept SpEn)
 27100 | Spider:2 | Found a transporter.
 27107 | Spider:2 | Noticed a tentacled starspawn
 27250 | Spider:2 | Noticed Frances
 27265 | Spider:2 | Noticed Arachne
 27266 | Spider:2 | Killed Frances
 27286 | Spider:2 | Killed Arachne
 27430 | Spider:2 | Noticed Jorgrun
 27459 | Spider:2 | Killed Jorgrun
 27667 | Spider:2 | Found a one-way gate to the infinite horrors of the Abyss.
 27680 | Spider:2 | Killed a tentacled starspawn
 27725 | Spider:2 | Killed Efeguoh's ghost
 27953 | Spider:3 | Reached skill level 10 in Earth Magic
 28067 | Spider:3 | Reached XP level 17. HP: 128/133 MP: 33/33
 28525 | Spider:3 | Acquired 591 gold pieces
 28711 | Spider:4 | Entered Level 4 of the Spider Nest
 29774 | Spider:4 | Reached skill level 10 in Conjurations
 29774 | Spider:4 | Reached skill level 10 in Hexes
 29774 | Spider:4 | Reached skill level 10 in Summonings
 29774 | Spider:4 | Reached skill level 10 in Necromancy
 29774 | Spider:4 | Reached skill level 10 in Transmutations
 29774 | Spider:4 | Reached skill level 10 in Fire Magic
 29774 | Spider:4 | Reached skill level 10 in Ice Magic
 29774 | Spider:4 | Reached skill level 10 in Air Magic
 29774 | Spider:4 | Reached skill level 10 in Poison Magic
 30011 | Spider:4 | Got a gossamer rune of Zot
 30310 | Shoals:1 | Entered Level 1 of the Shoals
 30523 | Shoals:1 | You are sucked into a shaft and drop 1 floor!
 30590 | Shoals:2 | HP: 1/135 [water nymph/the raging water (29)]
 30699 | Shoals:1 | Reached XP level 18. HP: 142/142 MP: 34/34
 31605 | Shoals:2 | Found a large runed translucent door.
 31605 | Shoals:2 | Found a large runed translucent door.
 31614 | Shoals:2 | Noticed Ilsuiw
 31689 | Shoals:2 | Killed Ilsuiw
 32110 | Shoals:2 | Noticed xzight's ghost (adept MiBe)
 32376 | Shoals:2 | Killed xzight's ghost
 33461 | Shoals:4 | Entered Level 4 of the Shoals
 33733 | Shoals:4 | Learned a level 5 spell: Freezing Cloud
 33821 | Shoals:4 | Found Opsokau's CLEARANCE SALE!.
 33997 | Shoals:4 | HP: 7/143 [merfolk javelineer/javelin (29)]
 34006 | Shoals:4 | HP: 6/143 [sea snake (3)]
 34606 | Shoals:4 | Got a barnacled rune of Zot
 34679 | Shoals:4 | Got the Papyrus of Attacks
 34779 | Shoals:4 | Identified the +3 leather armour of Vokox {Fly rC- Str+10
                  | Dex-3}
 35348 | Elf:1    | Entered Level 1 of the Elven Halls
 35597 | D:13     | Reached XP level 19. HP: 109/150 MP: 31/36
 35953 | D:13     | Found Vaoh's Weapon Shop.
 36042 | D:13     | Found a gate to the Vaults.
 36956 | D:15     | Entered Level 15 of the Dungeon
 37041 | D:15     | Acquired a scarf of resistance
 37064 | D:15     | Found a staircase to the Depths.
 37270 | D:15     | Noticed Josephine
 37271 | D:15     | Killed Josephine
 37474 | D:15     | Noticed Agnes
 37485 | D:15     | Killed Agnes
 37825 | D:15     | Found a stormy altar of Qazlal.
 37911 | D:15     | Acquired 869 gold pieces
 38858 | Elf:1    | Identified the +1 robe of Eternal Vigilance {Harm Fly rElec
                  | rF-}
 39297 | Elf:1    | Found Lioshreg's Distillery.
 39360 | Elf:1    | Bought a potion of curing for 36 gold pieces
 39360 | Elf:1    | Bought a potion of curing for 36 gold pieces
 39360 | Elf:1    | Bought a potion of curing for 36 gold pieces
 39360 | Elf:1    | Bought a potion of mutation for 96 gold pieces
 39360 | Elf:1    | Bought a potion of mutation for 96 gold pieces
 39450 | Elf:1    | Found Xeadd's Book Boutique.
 39451 | Elf:1    | Found Igiryo's Jewellery Shoppe.
 39451 | Elf:1    | Found Cuklyll's Jewellery Shoppe.
 39945 | Elf:2    | Found Kaxie's Book Boutique.
 39988 | Elf:2    | Bought a book of the Earth for 468 gold pieces
 40002 | Elf:2    | Noticed Azrael
 40037 | Elf:2    | Killed Azrael
 40055 | Elf:2    | Identified the +2 scale mail "Atros" {Will+}
 40307 | Elf:2    | Reached XP level 20. HP: 77/159 MP: 38/38
 40454 | Elf:2    | Found a huge runed translucent gate.
 40454 | Elf:2    | Found a huge runed translucent gate.
 40454 | Elf:2    | Found a huge runed translucent gate.
 40454 | Elf:2    | Found a huge runed translucent gate.
 40455 | Elf:2    | Found a huge runed translucent gate.
 40675 | Elf:2    | Learned a level 6 spell: Statue Form
 40696 | Elf:3    | Entered Level 3 of the Elven Halls
 41263 | Elf:3    | Found Soruateo's Weapon Boutique.
 41325 | Elf:3    | Noticed Saint Roka
 41347 | Elf:3    | Killed Saint Roka
 41536 | Elf:3    | Noticed a Brimstone Fiend
 41579 | Elf:3    | Identified the +11 morningstar of Fixation {vamp, Str+5}
 41579 | Elf:3    | Identified the ring "Doakue Oforch" {rC+ rN+ Stlth+}
 41582 | Elf:3    | Identified the +1 robe of Fuzag {Stlth+ Archmagi}
 41678 | Elf:3    | Cast into level 3 of the Abyss (a deep elf demonologist)
 41743 | Abyss:4  | Found an ornate altar of the Wu Jian Council.
 41816 | Abyss:4  | Found an ornate altar of the Wu Jian Council.
 41879 | Abyss:4  | Learned a level 4 spell: Passage of Golubria
 42012 | Abyss:4  | Identified the ring "Ischahean" {rPois Int+4}
 42124 | Abyss:4  | Reached skill level 15 in Invocations
 42169 | Abyss:4  | Found a glowing golden altar of the Shining One.
 42194 | Abyss:4  | Noticed a juggernaut
 42203 | Abyss:4  | Killed a juggernaut
 42231 | Abyss:4  | Got an abyssal rune of Zot
 42276 | Elf:3    | Escaped the Abyss
 42348 | Elf:3    | Noticed a Brimstone Fiend
 42348 | Elf:3    | Cast into level 3 of the Abyss (a deep elf demonologist)
 42398 | Elf:3    | Escaped the Abyss
 42418 | Elf:3    | Identified the +1 bardiche of Zackuj {vorpal, +Blink rF+
                  | Will++ Str+2}
 42422 | Elf:3    | Reached XP level 21. HP: 166/166 MP: 39/39
 42453 | Elf:3    | Cast into level 3 of the Abyss (a deep elf sorcerer)
 42486 | Elf:3    | Escaped the Abyss
 42548 | Elf:3    | Got the Incunabulum of Morality
 42553 | Elf:3    | Got Giyni's Collected Works on Mutagenic Enchantment
 42556 | Elf:3    | Got the Guide on the Escort
 42789 | Elf:3    | Learned a level 3 spell: Ignite Poison
 42798 | Elf:3    | Learned a level 8 spell: Ignition
 42816 | Elf:3    | Learned a level 9 spell: Shatter
 43034 | Vaults:1 | Entered Level 1 of the Vaults
 43366 | Vaults:1 | Reached skill level 15 in Spellcasting
 43743 | Vaults:1 | Reached skill level 15 in Fighting
 43743 | Vaults:1 | Reached skill level 15 in Long Blades
 43743 | Vaults:1 | Reached skill level 15 in Dodging
 44196 | Vaults:2 | Noticed Boris
 44414 | Vaults:2 | Found Begh's Antique Armour Shoppe.
 44426 | Vaults:2 | Killed Boris
 44689 | Vaults:2 | Reached skill level 15 in Earth Magic
 44883 | Vaults:2 | Reached skill level 15 in Axes
 45010 | Vaults:2 | Noticed Mara
 45019 | Vaults:2 | Noticed frimble's illusion
 45036 | Vaults:2 | Killed Mara
 45294 | Vaults:2 | Reached XP level 22. HP: 175/175 MP: 41/41
 45397 | Vaults:2 | Reached skill level 15 in Throwing
 45397 | Vaults:2 | Reached skill level 15 in Armour
 45761 | Vaults:3 | Found a staircase to the Crypt.
 46054 | Vaults:3 | Noticed Asterion
 46073 | Vaults:3 | Killed Asterion
 46074 | Vaults:3 | Reached skill level 15 in Short Blades
 46074 | Vaults:3 | Reached skill level 15 in Maces & Flails
 46074 | Vaults:3 | Reached skill level 15 in Polearms
 46074 | Vaults:3 | Reached skill level 15 in Staves
 46074 | Vaults:3 | Reached skill level 15 in Slings
 46074 | Vaults:3 | Reached skill level 15 in Bows
 46074 | Vaults:3 | Reached skill level 15 in Crossbows
 46074 | Vaults:3 | Reached skill level 15 in Stealth
 46074 | Vaults:3 | Reached skill level 15 in Shields
 46074 | Vaults:3 | Reached skill level 15 in Unarmed Combat
 46074 | Vaults:3 | Reached skill level 15 in Evocations
 48190 | Depths:1 | Entered Level 1 of the Depths
 48220 | Depths:1 | Found Pif Wukk's Antique Weapon Shoppe.
 48292 | Depths:1 | Reached XP level 23. HP: 146/183 MP: 43/43
 48512 | Depths:1 | Found a gateway to Hell.
 48601 | Depths:1 | Found a faded altar of an unknown god.
 48601 | Depths:1 | Found a faded altar of an unknown god.
 48603 | Depths:1 | Found a hazy altar of Hepliaklqana.
 49649 | Depths:2 | Found a one-way gate leading to the halls of Pandemonium.
 50109 | Depths:3 | Noticed Louise
 50122 | Depths:3 | Killed Louise
 50466 | Depths:3 | Found a shadowy altar of Dithmenos.
 50466 | Depths:3 | Found the +2 hood of the Assassin {Detection Stab+ Stlth++}
 50467 | Depths:3 | Found the ring of Shadows {Umbra +Inv Stlth+}
 50606 | Depths:3 | Found a runed translucent door.
 50614 | Depths:3 | Noticed Ihibuagea's ghost (journeyman DrCj)
 50614 | Depths:3 | Noticed an ancient lich
 50631 | Depths:3 | Found a runed translucent door.
 50631 | Depths:3 | Noticed a golden dragon
 50645 | Depths:3 | Killed an ancient lich
 50645 | Depths:3 | Mangled by a juggernaut simulacrum

Illustrated notes

Levels and vault maps discovered:
D:1:      shiori_arrival_whats_in_store_for_you, layout_basic,
          shapermc_ecumenical_altar_starsandcircs, minmay_worlds_worst_comb
D:2:      layout_basic, corexii_corridor_pit, uniq_robin
D:3:      layout_rooms, kennysheep_generic_room_7
D:4:      layout_loops_cross, grunt_temple_overflow_order_and_chaos_1, tgw_sif,
          tgw_trog, uniq_ijyb, uniq_sigmund
D:5:      layout_basic, jmf_multi_god_temple, minmay_temple_entry_poolview,
          enter_ossuary_3, portal_sewer_entry_c, gammafunk_ghost_split,
          uniq_crazy_yiuf_cottage, uniq_eustachio
D:6:      minmay_razor_zed, layout_basic, grunt_temple_overflow_diamond,
          minmay_strange_pillars, corexii_corridor_pit
D:7:      layout_rooms, uniq_harold, uniq_duvessa
D:8:      layout_rooms, gammafunk_ghost_ooze
D:9:      layout_basic, uniq_erolcha
D:10:     layout_roguey, tso_metal_star, general_overflow_altar,
          david_lair_generic, orc_0_dummy, statue_in_the_mist_lemuel,
          grunt_decor_fettered
D:11:     layout_rooms, serial_shops, nicolae_shop_stone, shop, shop,
          nicolae_shop_behind_doors, fedhas_altar_4
D:12:     layout_basic, vehumet_statue
D:13:     layout_rooms, grunt_vaults_entry_fortified, serial_shops,
          kennysheep_mini_moat
D:14:     layout_irregular_city, dk_noncrumbling_2, minmay_misc_feat_enclosed
D:15:     hangedman_depths_entry_try_elsewhere_first, layout_grid_maze,
          minmay_misc_feat_plants, nicolae_qazlal_scattered_showers, uniq_agnes,
          uniq_josephine
Lair:1:   layout_layer_cave, minivault_26
Lair:2:   layout_hall_layers, elwin_shoals_entry_stream,
          nicolae_lair_grove_arrangements, lemuel_centaur_altar
Lair:3:   layout_loops_ring, nicolae_volcano_entry_vermiform,
          lemuel_fruit_fields, grunt_megastairs_2, infiniplex_staircase_pool,
          lemuel_fruit_fields, serial_bayou_shore_b, uniq_gastronok,
          uniq_nergalle
Lair:4:   layout_cave_shapes, spider_nest_entry_a
Lair:5:   layout_cave_pods, slime_altar_2
Lair:6:   due_jungle_book, layout_cave_shapes
Shoals:1: layout_shoals
Shoals:2: layout_shoals, ebering_ghost_disaster_area,
          nicolae_shoals_nymph_descending_staircase, uniq_ilsuiw
Shoals:3: layout_shoals
Shoals:4: shoals_end_simple, layout_shoals, nicolae_shop_clearance
Spider:1: nicolae_spider_hilbert_zone_4 [nicolae_spider_hilbert_4_sides_2_open,
          nicolae_spider_hilbert_4_sides_1_open,
          nicolae_spider_hilbert_4_sides_1_open,
          nicolae_spider_hilbert_4_sides_1_open,
          nicolae_spider_hilbert_4_sides_1_open,
          nicolae_spider_hilbert_2_sides_1_open,
          nicolae_spider_hilbert_2_sides_1_open,
          nicolae_spider_hilbert_2_sides_1_open,
          nicolae_spider_hilbert_2_sides_1_open,
          nicolae_spider_hilbert_6_sides_1_open,
          nicolae_spider_hilbert_6_sides_1_open,
          nicolae_spider_hilbert_3_sides_1_open,
          nicolae_spider_hilbert_3_sides_1_open], drop_trap,
          nicolae_spider_claw_tunnel, uniq_donald
Spider:2: nicolae_spider_mines_2, gammafunk_ghost_abyssal_escape, uniq_arachne,
          uniq_jorgrun, uniq_frances
Spider:3: layout_spider_delve, drop_trap
Spider:4: spider_rune_water
Orc:1:    layout_caves, serial_shops, shop
Orc:2:    st_orc_ogre_mass, layout_diamond_mine, gammafunk_ghost_necromancy,
          serial_shops, nicolae_square_shop, shop, shop, nicolae_lakefront_shop,
          shop, mines1_david
Elf:1:    eino_elf_arrival_the_gate, layout_loops_corners, serial_shops,
          nicolae_shop_stone, hangedman_corner_corridor, solitary_fountain,
          minmay_shop_grove
Elf:2:    elven_hall_of_blades_hangedman_alternative [nicolae_blade_lattice],
          layout_loops_cross, serial_shops, shop_statue, uniq_azrael
Elf:3:    minmay_elf_hall_statues, layout_onion_city, serial_shops,
          nicolae_shop_crystal, uniq_saint_roka
Vaults:1: vaults_standard_mumra_enter_the_diamond,
          nicolae_vaults_little_squares_6, vaults_dpeg_hooks, v_misc_12,
          vaults_room_pools, vaults_room_door_hall, vaults_dpeg_ring,
          hangedman_vaults_nails, vaults_room_semicircle, special_room_vaults
          [special_room_orc], ontoclasm_vaults_eye, ontoclasm_vaults_hangar,
          vaults_room_semicircle, vaults_room_semicircle,
          hangedman_vaults_cutoff, vaults_room_pools, layout_vaults_ring
Vaults:2: ontoclasm_vaults_pinch, v_alt_pattern_2,
          dpeg_vaults_pockets_of_resistance, ontoclasm_vaults_hangar,
          ontoclasm_vaults_ligature, ontoclasm_vaults_hangar,
          nicolae_vaults_twisting_passages, vaults_room_fours,
          nicolae_vaults_big_ls, vaults_room_stairs_pillars,
          nicolae_vaults_mini_display_case, layout_vaults_omnibox, serial_shops,
          shop, uniq_boris, uniq_mara
Vaults:3: v_misc_16, minmay_crypt_entry_vampire_xt,
          ontoclasm_vaults_ring_square, vaults_mumra_lcd, v_misc_29,
          v_pattern_1, v_misc_14, grunt_vaults_twisty, v_misc_3,
          ontoclasm_vaults_ring_small, nicolae_vaults_rhombus_6, v_rooms_1,
          v_misc_13, vaults_room_fours, layout_vaults_maze, uniq_asterion
Vaults:4: v_misc_1, v_alt_pattern_2, v_misc_2, nicolae_vaults_network_star,
          ontoclasm_vaults_misaligned, layout_vaults_quadrants
Depths:1: layout_forbidden_donut, nicolae_hepliaklqana_ecumenical_no_more,
          serial_shops, nicolae_diamond_shop, grunt_hell_entry_dis_old,
          hangedman_devilish_allure
Depths:2: kennysheep_bubbly, layout_gridlike, pf_hell_entry_tar_spiral,
          rand_demon_pan_entry_9, infiniplex_staircase_spiral,
          serial_bayou_shore_b
Depths:3: regret_index_dithmenos_brocken_genspenst, layout_gridlike,
          nicolae_abyss_entry_one_way_or_another, muffindrake_ghost_dual_entry,
          hellmouth_3, minmay_misc_feat_doors

Skill      XL: |  1  2  3  4  5  6  7  8  9 10 11 12 13 14 15 16 17 18 19 20 21 22 23 |
---------------+----------------------------------------------------------------------+-----
Spellcasting   | 5 6 7 8 9 10 11 12 13 14 15 16 | 16.6
Invocations    | 1 2 3 4 5 6 7 8 9 10 11 12 13 14 15 16 17 | 17.2
Short Blades   | 1 2 3 4 5 6 7 8 9 10 11 12 13 14 15 | 15.9
Axes           | 1 2 3 4 5 6 7 8 9 10 11 12 13 14 15 16 17 | 17.5
Maces & Flails | 1 2 3 4 5 6 7 8 9 10 11 12 13 14 15 | 15.9
Polearms       | 1 2 3 4 5 6 7 8 9 10 11 12 13 14 15 | 15.9
Staves         | 1 2 3 4 5 6 7 8 9 10 11 12 13 14 15 | 15.9
Slings         | 1 2 3 4 5 6 7 8 9 10 11 12 13 14 15 | 15.9
Bows           | 1 2 3 4 5 6 7 8 9 10 11 12 13 14 15 | 15.9
Crossbows      | 1 2 3 4 5 6 7 8 9 10 11 12 13 14 15 | 15.9
Stealth        | 1 2 3 4 5 6 7 8 9 10 11 12 13 14 15 | 15.9
Shields        | 1 2 3 4 5 6 7 8 9 10 11 12 13 14 15 | 15.9
Unarmed Combat | 1 2 3 4 5 6 7 8 9 10 11 12 13 14 15 | 15.9
Evocations     | 1 2 3 4 5 6 7 8 9 10 11 12 13 14 15 | 15.9
Conjurations   | 1 2 3 4 5 6 7 8 9 10 11 12 13 | 13.5
Hexes          | 1 2 3 4 5 6 7 8 9 10 11 12 13 | 13.5
Summonings     | 1 2 3 4 5 6 7 8 9 10 11 12 13 | 13.5
Necromancy     | 1 2 3 4 5 6 7 8 9 10 11 12 13 | 13.5
Transmutations | 1 2 3 4 5 6 7 8 9 10 11 12 13 | 13.5
Fire Magic     | 1 2 3 4 5 6 7 8 9 10 11 12 13 | 13.5
Ice Magic      | 1 2 3 4 5 6 7 8 9 10 11 12 13 | 13.5
Air Magic      | 1 2 3 4 5 6 7 8 9 10 11 12 13 | 13.5
Earth Magic    | 1 2 3 4 5 6 7 8 10 11 12 13 14 15 16 | 16.9
Poison Magic   | 1 2 3 4 5 6 7 8 9 10 11 12 13 | 13.5
Throwing       | 3 4 5 6 7 8 9 10 11 12 13 14 15 16 | 16.1
Armour         | 3 4 5 6 7 8 9 10 11 12 13 14 15 16 | 16.1
Fighting       | 5 6 7 8 9 10 11 12 13 14 15 16 | 16.5
Long Blades    | 5 6 7 8 9 10 11 12 13 14 15 16 | 16.5
Dodging        | 5 6 7 8 9 10 11 12 13 14 15 16 | 16.5
Translocations | 6 7 8 9 10 11 12 13 14 | 14.5

Action                   |  1- 3 |  4- 6 |  7- 9 | 10-12 | 13-15 | 16-18 | 19-21 | 22-24 || total
-------------------------+-------+-------+-------+-------+-------+-------+-------+-------++-------
Melee: Falchion          |    59 |       |       |       |       |       |       |       ||    59
       Bite              |    10 |    24 |     5 |   116 |   279 |   552 |   397 |   158 ||  1541
       Long sword        |    94 |   198 |    62 |       |       |       |       |       ||   354
       Whip              |       |    61 |       |       |       |       |       |       ||    61
       Short sword       |       |       |   118 |   343 |       |       |       |       ||   461
       Punch             |       |       |     3 |    15 |       |       |     8 |       ||    26
       Pair of quick bla |       |       |       |   288 |  1047 |  2056 |  1122 |       ||  4513
       Double sword      |       |       |       |       |       |       |   462 |   768 ||  1230
Throw: Boomerang         |       |    23 |     9 |    38 |    17 |    41 |    28 |       ||   156
       Dart              |       |       |    69 |    42 |       |    88 |       |       ||   199
       Throwing net      |       |       |       |     4 |       |       |       |       ||     4
       Javelin           |       |       |       |       |       |       |     4 |     2 ||     6
 Cast: Blink             |     1 |     4 |    21 |    19 |    12 |    23 |     1 |     3 ||    84
       Freezing Cloud    |       |       |       |       |       |    10 |     1 |       ||    11
       Statue Form       |       |       |       |       |       |       |    24 |    16 ||    40
Invok: Slouch            |       |       |       |       |     5 |    12 |    13 |     6 ||    36
       Step From Time    |       |       |       |       |       |     2 |     3 |     1 ||     6
       Temporal Distorti |       |       |       |       |       |     4 |     2 |       ||     6
 Abil: End Transformatio |       |       |       |       |       |       |     2 |       ||     2
Evoke: Wand              |       |       |       |     1 |       |    14 |       |       ||    15
       Box of beasts     |       |       |       |     1 |       |     3 |       |       ||     4
       Tin of tremorston |       |       |       |       |     1 |     6 |     6 |     5 ||    18
       Phantom mirror    |       |       |       |       |       |     4 |     1 |     1 ||     6
  Use: Scroll            |     3 |    11 |     5 |     6 |     9 |    10 |     4 |     2 ||    50
       Potion            |     1 |       |     2 |       |     1 |     7 |     1 |     1 ||    13
 Stab: Sleeping          |     1 |       |     1 |     9 |    25 |    20 |    23 |    17 ||    96
       Held in net/web   |       |       |       |     8 |       |     1 |       |       ||     9
       Distracted        |       |       |       |       |       |    10 |     8 |     5 ||    23
       Paralysed         |       |       |       |       |       |       |     2 |       ||     2
Armor: Leather armour    |    44 |    94 |    55 |   120 |   189 |     2 |       |       ||   504
       Troll leather arm |       |       |       |       |       |   278 |    32 |    58 ||   368
       Chain mail        |       |       |       |       |       |   221 |   152 |       ||   373
       Scale mail        |       |       |       |       |       |       |    43 |       ||    43
       Skin              |       |       |       |       |       |       |   157 |   129 ||   286
Dodge: Dodged            |    81 |   247 |   181 |   387 |   678 |  1552 |  1075 |   761 ||  4962
Block: Buckler           |       |       |       |    14 |       |       |       |       ||    14
       Kite shield       |       |       |       |       |       |       |   295 |   722 ||  1017
       Reflection        |       |       |       |       |       |       |    21 |    31 ||    52

Table legend: (Time is in decaauts)
 A = Elapsed time spent in this place.
 B = Non-inter-level travel time spent in this place.
 C = Inter-level travel time spent in this place.
 D = Time resting spent in this place.
 E = Time spent auto-exploring this place.
 F = Levels seen in this place.
 G = Mean time per level.
                   A        B        C        D        E       F      G
               +--------+--------+--------+--------+--------+-----+--------+
         Total |  70862 |  65424 |   5438 |    286 |  51834 |  46 | 1540.5 |
       Dungeon |  23907 |  21941 |   1966 |    199 |  18339 |  15 | 1593.8 |
          Lair |   9865 |   9026 |    839 |      0 |   7705 |   6 | 1644.2 |
        Shoals |   7274 |   6844 |    430 |     87 |   5429 |   4 | 1818.5 |
   Spider Nest |   6541 |   6098 |    443 |      0 |   4721 |   4 | 1635.2 |
  Orcish Mines |   2654 |   2269 |    385 |      0 |   1750 |   2 | 1327.0 |
   Elven Halls |   6078 |   5598 |    480 |      0 |   4333 |   3 | 2026.0 |
        Vaults |   8888 |   8141 |    747 |      0 |   6266 |   4 | 2222.0 |
        Depths |   4267 |   4121 |    146 |      0 |   3062 |   3 | 1422.3 |
         Abyss |    909 |    909 |      0 |      0 |    225 |   4 |  227.2 |
         Sewer |    476 |    476 |      0 |      0 |      0 |   1 |  476.0 |
               +--------+--------+--------+--------+--------+-----+--------+

Top non-repeatable levels by time:
Vaults:2: 2512 daAuts
   Elf:3: 2477 daAuts
Spider:1: 2367 daAuts
    D:15: 2303 daAuts
   Elf:1: 2258 daAuts
Shoals:4: 2243 daAuts
Vaults:4: 2234 daAuts
Vaults:1: 2151 daAuts
    D:10: 2128 daAuts
     D:6: 2098 daAuts
     D:2: 2088 daAuts
Depths:2: 2042 daAuts
    D:12: 2005 daAuts
Vaults:3: 1989 daAuts
  Lair:5: 1928 daAuts
